 Dungeon Crawl Stone Soup version bcrawl-1.12-8-g964540c432 (webtiles) character file.

Game seed: 16254405429884196596

134 Goodini51 the Skirmisher (level 4, 0/38 HPs)
             Began as a Demigod Fighter on June 7, 2019.
             Slain by an orc
             ... wielding a cursed -2 club
              (3 damage)
             ... on level 3 of the Dungeon.
             The game lasted 00:05:02 (2130 turns).

Goodini51 the Skirmisher (Demigod Fighter)          Turns: 2130, Time: 00:05:03

Health: 0/38       AC: 10    Str: 22    XL:     4   Next: 95%
Magic:  6/6        EV:  7    Int: 12    God:    Demigod [*.....]
Gold:   208        SH: 11    Dex: 16    Spells: 3/3 levels left

rFire    . . .     SeeInvis .   a - +0 long sword
rCold    . . .     Gourm    .   c - +0 shield
rNeg     . . .     Faith    .   b - +0 scale mail
rPois    .         Spirit   .   r - +0 helmet
rElec    .         Reflect  .   (no cloak)
rCorr    .         Harm     .   o - +0 pair of gloves
MR       .....                  p - +0 pair of boots
Stlth    ..........             (no amulet)
HPRegen  0.12/turn              (no ring)
MPRegen  0.10/turn              (no ring)

@: no status effects
A: high mp 1
a: Temporal Distortion


You were on level 3 of the Dungeon.
You worshipped Demigod.
Demigod was aware of your devotion.
You were very hungry.

You visited 1 branch of the dungeon, and saw 4 of its levels.

You collected 208 gold pieces.

Inventory:

Hand Weapons
 a - a +0 long sword (weapon)
Armour
 b - a +0 scale mail (worn)
 c - a +0 shield (worn)
 o - a +0 pair of gloves (worn)
 p - a +0 pair of boots (worn)
 r - a +0 helmet (worn)
Jewellery
 s - an uncursed amulet of magic regeneration {unknown}
Scrolls
 k - 2 scrolls of enchant weapon {unknown}
 l - a scroll of fear {unknown}
 m - 3 scrolls of identify {unknown}
 n - a scroll of amnesia {unknown}
 q - a scroll of magic mapping {unknown}
 t - a scroll of fog {unknown}
 u - a scroll of remove curse {unknown}
Potions
 d - a potion of might
 e - 2 potions of resistance {unknown}
 g - a potion of lignification {unknown}
 h - 3 potions of curing {unknown}
 i - 2 potions of haste {unknown}
 j - 2 potions of flight {unknown}
 v - a potion of heal wounds {unknown}
Comestibles
 f - 8 rations {!d}


   Skills:
 + Level 3.4 Fighting
 * Level 3.2 Long Blades
 + Level 3.2 Armour
 + Level 0.4 Dodging
 + Level 3.1 Shields


You had 3 spell levels left.
You didn't know any spells.
Your spell library was empty.

Dungeon Overview and Level Annotations

Branches:
Dungeon (4/12)
 Temple: D:4-7


Innate Abilities, Weirdness & Mutations

You have an increased reservoir of magic. (+10% MP)


Message History

The orc hits you with a +0 hand axe.
* * * LOW HITPOINT WARNING * * *
The jackal bites you but does no damage.
The quokka completely misses you. You block the orc's attack.
You hit the orc.
The orc is almost dead.
The jackal bites you but does no damage.
You block the quokka's attack. The orc hits you with a +0 mace.
* * * LOW HITPOINT WARNING * * *
The orc hits you but does no damage. x2
The jackal bites you but does no damage.
You block the quokka's attack.
Your shield and scale mail prevent you from hitting the orc.
The orc is almost dead.
You feel sick.
You are no longer poisoned.
You block the jackal's attack. The orc hits you but does no damage.
The orc misses you. The orc hits you with a cursed -2 club.
You die...
Your divinity fades.

#..##..#..)# #.#
#..#.......## #.#
#####..#.P#..#..# #.#
#........##P....####..
#.###....########.....
#.# #.....######.##.##
#.# #h......#.#...#.##
#.# #oo##...)......(.#
#.# #@r##.##......#.##
#.# #ho##.#.(....####
#.# #..#..<......##
#.# #.............#
#.# #..#.........##
#.###...........##
#...#####..#...##
###.# ###..##.## #.#
#....####


You could see 3 orcs, a quokka and 2 jackals.

Vanquished Creatures
  8 adders
  3 oozes
  5 orcs (D:3)
  4 ball pythons
  3 giant cockroaches
  5 goblins
  4 hobgoblins
  5 kobolds
  3 quokkas
  A bat (D:3)
  6 rats
47 creatures vanquished.

Notes
Turn   | Place    | Note
-------+----------+-------------------------------------------
     0 | D:1      | Goodini51 the Demigod Fighter began the quest for the Orb.
     0 | D:1      | Reached XP level 1. HP: 18/18 MP: 3/3
   128 | D:1      | Reached XP level 2. HP: 16/25 MP: 4/4
   525 | D:1      | Found a glowing golden altar of the Shining One.
   788 | D:2      | Reached XP level 3. HP: 31/31 MP: 5/5
  1019 | D:2      | Found a shimmering altar of Xom.
  1019 | D:2      | Found a shimmering altar of Xom.
  1019 | D:2      | Found a shimmering altar of Xom.
  1020 | D:2      | Found a shimmering altar of Xom.
  1020 | D:2      | Found a shimmering altar of Xom.
  1437 | D:3      | Reached * piety under Demigod
  1469 | D:3      | Reached XP level 4. HP: 34/38 MP: 6/6
  2130 | D:3      | Slain by an orc

Skill      XL: |  1  2  3  4 |
---------------+-------------+-----
Fighting       | 3 |  3.4
Long Blades    | 2 3 |  3.2
Shields        | 3 |  3.1
Armour         | 3 |  3.2
Dodging        | |  0.4

Action                   |  1- 3 |  4- 6 || total
-------------------------+-------+-------++-------
Melee: Long sword        |   106 |    67 ||   173
  Eat: Chunk             |     2 |     1 ||     3
Armor: Scale mail        |    50 |    80 ||   130
Dodge: Dodged            |    31 |    57 ||    88
Block: Shield            |    66 |    86 ||   152
